 Dungeon Crawl Stone Soup version 0.27.1-3-gb3d3a73c9e (webtiles) character file.

Game seed: 9807038261973198102

4542 BOMJPIETVODKU the Cleaver (level 10, -11/92 HPs)
             Began as a Hill Orc Fighter on Oct 29, 2021.
             Was a Priest of Okawaru.
             Mangled by a death yak (12 damage)
             ... on level 10 of the Dungeon.
             The game lasted 00:20:00 (10574 turns).

BOMJPIETVODKU the Cleaver (Hill Orc Fighter)       Turns: 10574, Time: 00:20:01

Health: -11/92     AC: 16    Str: 23    XL:     10   Next: 40%
Magic:  11/11      EV:  5    Int: 10    God:    Okawaru [***...]
Gold:   437        SH: 11    Dex: 10    Spells: 9/9 levels left

rFire    + . .     SeeInvis .   o - +8 trident "Faza" {holy, rCorr Int+2}
rCold    + + .     Faith    .   c - +0 kite shield
rNeg     . . .     Spirit   .   y - +0 plate armour
rPois    .         Reflect  .   l - +2 helmet
rElec    .         Harm     .   r - scarf {rC+ rF+}
rCorr    +         Rampage  .   (no gloves)
Will     .....                  (no boots)
Stlth    ..........             (no amulet)
HPRegen  0.25/turn              f - ring of protection from cold
MPRegen  0.12/turn              (no ring)

@: on berserk cooldown, slowed, very slow
A: no striking features
a: Renounce Religion, Heroism


You were on level 10 of the Dungeon.
You worshipped Okawaru.
Okawaru was most pleased with you.
You visited 2 branches of the dungeon, and saw 10 of its levels.
You also visited: Ossuary.

You collected 437 gold pieces.

Inventory:

Hand Weapons
 a - a +1 war axe
 m - the +10 hunting sling "Ikkerghug" {venom, Str+3}
   (You found it on level 4 of the Dungeon)

   Any ammunition fired from it poisons the flesh of those it strikes.
   Str:       It affects your strength (+3).
 o - the +8 trident "Faza" (weapon) {holy, rCorr Int+2}
   (You found it on level 4 of the Dungeon)

   It has been blessed by the Shining One to cause great damage to the undead
   and demons.
   Int:       It affects your intelligence (+2).
   rCorr:     It protects you from acid and corrosion.
Missiles
 g - 36 sling bullets
 p - a throwing net (quivered)
 u - 22 poisoned darts
 v - 56 stones
Armour
 b - a +0 scale mail
 c - a +0 kite shield (worn)
 l - a +2 helmet (worn)
 r - a scarf of resistance (worn)
 y - a +0 plate armour (worn)
Jewellery
 f - a ring of protection from cold (left hand)
 j - a +6 ring of intelligence
Wands
 i - a wand of flame (38)
 q - a wand of digging (3)
 s - a wand of acid (10)
 w - a wand of iceblast (20)
Scrolls
 B - 2 scrolls of identify
Potions
 d - 2 potions of cancellation
 e - a potion of curing
 h - 3 potions of brilliance
 k - 4 potions of mutation
 t - a potion of flight {unknown}
 z - a potion of degeneration {unknown}
 A - a potion of lignification {unknown}
 C - a potion of resistance {unknown}


   Skills:
 + Level 9.6 Fighting
 * Level 11.4 Axes
 - Level 1.2(6.2) Polearms
 - Level 8.0 Armour
 - Level 0.3 Dodging
 - Level 8.0 Shields
 + Level 1.6 Invocations


You had 9 spell levels left.
You didn't know any spells.
Your spell library contained the following spells:

 Spells                   Type           Power      Damage    Failure   Level
 Beastly Appendage        Tmut           0%         N/A       100%        1
 Sublimation of Blood     Necr           0%         N/A       100%        2
 Wereblood                Tmut           0%         N/A       100%        2
 Frozen Ramparts          Ice            0%         1d2       100%        3
 Gell's Gravitas          Tloc           0%         N/A       100%        3
 Spider Form              Tmut/Pois      0%         N/A       100%        3
 Teleport Other           Tloc           0%         N/A       100%        3
 Hailstorm                Conj/Ice       0%         3d3       100%        4
 Ice Form                 Ice/Tmut       0%         N/A       100%        4
 Petrify                  Tmut/Erth      0%         N/A       100%        4
 Summon Ice Beast         Ice/Summ       0%         N/A       100%        4
 Irradiate                Conj/Tmut      0%         3d13      100%        5
 Dispersal                Tloc           0%         N/A       100%        6
 Simulacrum               Ice/Necr       0%         N/A       100%        6


Dungeon Overview and Level Annotations

Branches:
Dungeon (8/15)             Temple (1/1) D:5         Ossuary (visited)
   Lair: D:8-11

Altars:
Ashenzari
Dithmenos
Elyvilon
Fedhas
Kikubaaqudgha
Makhleb
Okawaru
Ru
Sif Muna
Trog
Vehumet
Xom
Yredelemnul
The Shining One

Annotations:
D:7 Joseph


Message History

There is an open door here.
The death yak gores you.
Found a book of Weapons.
You block the death yak's attack.
Found a leather armour.
The death yak snorts and paws the ground.
The death yak gores you but does no damage. 2 killer bees come into view.
Found a potion of ambrosia and a yak corpse.
The killer bee buzzes angrily. x2; You hear an angry buzzing noise. x3
A killer bee comes into view. x3
The killer bee moves out of view.
You hear an angry buzzing noise. x2
The death yak barely misses you.
A killer bee comes into view.
The killer bee buzzes angrily. x2; You hear an angry buzzing noise. x6
A killer bee comes into view.
The killer bee stings you.
You are poisoned.
The killer bee poisons you! The killer bee closely misses you.
You block the killer bee's attack.
The killer bee moves out of view.
You feel sick.
You feel sick.
You see here a book of Weapons.
You feel sick.
The yak snorts and paws the ground.
You feel sick.
You are no longer poisoned.
The death yak gores you.
* * * LOW HITPOINT WARNING * * *
You open the door. The death yak gores you!
* * * LOW HITPOINT WARNING * * *
You block the death yak's attack.
There is an open door here.
The killer bee stings you but does no damage.
You block the killer bee's attack. The killer bee barely misses you.
The death yak gores you!
* * * LOW HITPOINT WARNING * * *
The killer bee stings you but does no damage.
The death yak gores you!
You die...

#[##.##..#
#. #.##### .
#:y...## ..
#......#
#.....##
###y####
#......# ##
#....Yy##..#
#....YY@...#
#..........#
############


You could see 2 death yaks, a yak and 2 killer bees.

Vanquished Creatures
  A death yak (D:10)
  A slime creature (D:6)
  5 yaks (D:7)
  A steam dragon (D:8)
  Duvessa (D:6)
  A water moccasin (D:6)
  A black bear (D:7)
  A necrophage (D:8)
  An ogre (D:5)
  3 centaurs
  2 phantoms
  5 bullfrogs
  A water moccasin zombie (D:5)
  Dowan (D:6)
  A scorpion (D:5)
  2 howler monkeys (D:7)
  9 wights
  A bullfrog zombie (D:7)
  A human zombie (Ossuary)
  2 hounds (D:7)
  2 centaur zombies (Ossuary)
  10 jellies
  A gnoll shaman (D:8)
  An orc priest (D:6)
  A bullfrog skeleton (D:3)
  Terence (D:3)
  2 iguanas (D:6)
  3 orc wizards
  A killer bee zombie (D:6)
  2 mummies (Ossuary)
  Robin (D:3)
  A howler monkey zombie (D:7)
  9 gnolls
  8 adders
  A shadow imp (D:6)
  A white imp (D:8)
  2 adder zombies (Ossuary)
  3 dart slugs
  19 orcs
  7 ball pythons
  4 bats
  23 endoplasms
  5 giant cockroaches
  11 goblins
  13 hobgoblins
  5 jackals
  3 quokkas
  2 frilled lizards
  A goblin zombie (Ossuary)
  10 hobgoblin zombies (Ossuary)
  2 jackal zombies (Ossuary)
  8 kobolds
  7 kobold zombies (Ossuary)
  8 orc zombies (Ossuary)
  5 rats
  4 rat zombies (Ossuary)
228 creatures vanquished.

Vanquished Creatures (others)
  An adder (D:5)
  An orc (D:8)
  A bat (D:3)
  A butterfly (D:5)
  6 fungi (D:6)
10 creatures vanquished.

Grand Total: 238 creatures vanquished

Notes
Turn   | Place    | Note
-------+----------+-------------------------------------------
     0 | D:1      | BOMJPIETVODKU the Hill Orc Fighter began the quest for the
                  | Orb.
     0 | D:1      | Reached XP level 1. HP: 19/19 MP: 1/1
     9 | D:1      | Noticed a bullfrog
    71 | D:1      | Reached skill level 3 in Axes
    72 | D:1      | Reached XP level 2. HP: 26/27 MP: 2/2
   284 | D:1      | Reached XP level 3. HP: 24/33 MP: 3/3
   743 | D:2      | Found a shimmering altar of Xom.
   816 | D:2      | Found a faded altar of an unknown god.
  1074 | D:2      | Reached skill level 4 in Axes
  1165 | D:2      | Reached XP level 4. HP: 41/41 MP: 4/4
  1437 | D:3      | Noticed Terence
  1443 | D:3      | Killed Terence
  2053 | D:3      | Reached XP level 5. HP: 41/47 MP: 5/5
  2101 | D:3      | Noticed Robin
  2408 | D:2      | Reached skill level 5 in Axes
  2484 | D:3      | Killed Robin
  3354 | D:4      | Identified the +10 hunting sling "Ikkerghug" {venom, Str+3}
  3415 | D:4      | Found a radiant altar of Vehumet.
  3796 | D:4      | Noticed a phantom
  3814 | D:4      | Killed a phantom
  3815 | D:4      | Reached skill level 6 in Axes
  3815 | D:4      | Reached XP level 6. HP: 33/53 MP: 6/6
  3824 | D:4      | Identified the +8 trident "Faza" {holy, rCorr Int+2}
  4025 | D:5      | Entered Level 5 of the Dungeon
  4567 | D:5      | Reached skill level 5 in Fighting
  4567 | D:5      | Reached skill level 7 in Axes
  4567 | D:5      | Reached XP level 7. HP: 25/61 MP: 7/7
  5100 | D:5      | Reached skill level 8 in Axes
  5342 | D:5      | Found a shadowy altar of Dithmenos.
  5350 | D:5      | Found a staircase to the Ecumenical Temple.
  5359 | Temple   | Entered the Ecumenical Temple
  5416 | Temple   | Became a worshipper of Warmaster Okawaru
  5784 | D:6      | Noticed Dowan
  5786 | D:6      | Noticed Duvessa
  5799 | D:6      | Reached skill level 5 in Armour
  5799 | D:6      | Reached skill level 5 in Shields
  5810 | D:6      | Killed Duvessa
  5811 | D:6      | Reached skill level 1 in Polearms
  5811 | D:6      | Reached XP level 8. HP: 19/69 MP: 8/8
  5818 | D:6      | Killed Dowan
  6174 | D:6      | Reached * piety under Okawaru
  6272 | D:6      | Reached skill level 9 in Axes
  7272 | D:6      | Noticed a slime creature
  7285 | D:6      | Killed a slime creature
  7285 | D:6      | Reached ** piety under Okawaru
  7286 | D:6      | Reached XP level 9. HP: 32/75 MP: 9/9
  7699 | D:7      | Found a sand-covered staircase.
  7710 | Ossuary  | Entered an ossuary
  7951 | D:7      | Noticed Joseph
  8022 | D:7      | Reached skill level 10 in Axes
  8726 | D:7      | Reached *** piety under Okawaru
  8730 | D:7      | Reached XP level 10. HP: 33/88 MP: 10/10
  9676 | D:8      | HP: 1/82 [wight (8)]
 10132 | D:7      | Reached skill level 11 in Axes
 10168 | D:8      | Reached skill level 1 in Invocations
 10502 | D:8      | You fall into a shaft and drop 2 floors!
 10502 | D:10     | Entered Level 10 of the Dungeon
 10519 | D:10     | Noticed a death yak
 10535 | D:10     | Noticed a death yak
 10536 | D:10     | Noticed a death yak
 10546 | D:10     | Killed a death yak
 10573 | D:10     | HP: 1/92 [death yak (16)]
 10574 | D:10     | Mangled by a death yak

Illustrated notes

Levels and vault maps discovered:
D:1:      evilmike_arrival_come_back, layout_basic,
          minmay_misc_feat_four_crosses
D:2:      layout_loops_cross, hellmonk_ecumenical_altar_inner_sanctum,
          basic_altar, minivault_19
D:3:      layout_rooms, serial_glass, glass_columns_a, glass_columns_a,
          uniq_robin, uniq_terence
D:4:      layout_loops_cross, vehumet_altar_wand_db
D:5:      layout_cave_pools, kennysheep_mini, minmay_temple_entry_butterflies,
          lemuel_old_faithful
D:6:      lemuel_slime, layout_layer_cave, kennysheep_path_1, uniq_duvessa
D:7:      layout_basic, nicolae_ossuary_entry_monument,
          kennysheep_generic_room_9, uniq_joseph
D:8:      minmay_cornered_nines, layout_basic
D:10:     layout_gridville, dpeg_lair_monsters, special_room [special_room_bee]
Temple:   regret_index_temple_chain_breaker

Skill      XL: |  1  2  3  4  5  6  7  8  9 10 |
---------------+-------------------------------+-----
Axes           | 3 4 6 7 8 9 10 11 | 11.4
Fighting       | 4 5 6 8 9 |  9.6
Armour         | 4 5 6 8 |  8.0
Shields        | 4 5 6 8 |  8.0
Polearms       | 1 |  1.2
Invocations    | 1 |  1.6
Dodging        | |  0.3

Action                   |  1- 3 |  4- 6 |  7- 9 | 10-12 || total
-------------------------+-------+-------+-------+-------++-------
Melee: War axe           |    90 |   192 |    28 |       ||   310
       Trident           |       |       |   282 |    77 ||   359
Invok: Heroism           |       |       |     2 |     3 ||     5
  Use: Scroll            |       |     7 |     5 |     1 ||    13
       Potion            |       |     3 |     5 |     2 ||    10
 Stab: Invisible         |       |       |     1 |       ||     1
Armor: Scale mail        |    47 |    90 |   122 |       ||   259
       Plate armour      |       |       |     9 |    50 ||    59
Dodge: Dodged            |    34 |    70 |    98 |    23 ||   225
Block: Kite shield       |    53 |   127 |   182 |    64 ||   426
